 Dungeon Crawl Stone Soup version 0.28-a0-821-g923ab73998 (webtiles) character file.

Game seed: 10558251798058056075

3159 Avanven the Grappler (level 9, -7/80 HPs)
             Began as a Troll Fighter on Nov 9, 2021.
             Was a Priest of Okawaru.
             Mangled by a komodo dragon (28 damage)
             ... on level 7 of the Dungeon.
             The game lasted 00:10:37 (5830 turns).

Avanven the Grappler (Troll Fighter)                Turns: 5830, Time: 00:10:37

Health: -7/80      AC:  4    Str: 29    XL:     9   Next: 62%
Magic:  19/19      EV:  7    Int: 10    God:    Okawaru [***...]
Gold:   359        SH:  7    Dex:  9    Spells: 8/8 levels left

rFire   . . .      SeeInvis .     - Unarmed
rCold   . . .      Faith    .   b - +0 kite shield
rNeg    . . .      Spirit   .   a - +0 robe
rPois   .          Reflect  .   (helmet restricted)
rElec   .          Harm     .   (no cloak)
rCorr   .          Rampage  .   (gloves unavailable)
Will    .....                   (boots unavailable)
Stlth   +.........              (no amulet)
HPRegen 1.23/turn               e - +6 ring of intelligence
MPRegen 0.16/turn               g - ring of magical power

@: studying Invocations
A: large, unfitting armour, claws 3, regeneration 1, shaggy fur 1, tough skin 1
a: Renounce Religion, Heroism


You were on level 7 of the Dungeon.
You worshipped Okawaru.
Okawaru was most pleased with you.
You visited 2 branches of the dungeon, and saw 8 of its levels.

You collected 359 gold pieces.

Inventory:

Missiles
 j - 6 curare-tipped darts (quivered)
 v - 2 throwing nets
Armour
 a - a +0 robe (worn)
 b - a +0 kite shield (worn)
Jewellery
 e - a +6 ring of intelligence (left claw)
 g - a ring of magical power (right claw)
 y - a ring of fire
 C - a ring of flight
Wands
 c - a wand of flame (16)
 l - a wand of acid (6)
 D - a wand of iceblast (9)
Scrolls
 f - a scroll of teleportation
 h - a scroll of torment
 o - 2 scrolls of magic mapping
 q - 3 scrolls of identify
 r - 2 scrolls of amnesia
 u - a scroll of enchant armour {unknown}
 w - a scroll of blinking {unknown}
 B - a scroll of fog {unknown}
 E - 3 scrolls of fear {unknown}
Potions
 d - 2 potions of attraction
 i - a potion of curing
 k - a potion of flight {unknown}
 m - a potion of haste {unknown}
 n - a potion of berserk rage {unknown}
 p - a potion of might
 s - a potion of mutation {unknown}
 t - 3 potions of lignification {unknown}
 x - a potion of resistance {unknown}
 z - 2 potions of ambrosia {unknown}
 A - a potion of heal wounds {unknown}


   Skills:
 - Level 2.4 Fighting
 - Level 5.1 Armour
 - Level 2.4 Dodging
 - Level 2.4 Shields
 * Level 11.7 Unarmed Combat
 + Level 3.7 Invocations


You had 8 spell levels left.
You didn't know any spells.
Your spell library was empty.

Dungeon Overview and Level Annotations

Branches:
Dungeon (7/15)             Temple (1/1) D:4

Altars:
Cheibriados
Dithmenos
Fedhas
Gozag
Hepliaklqana
Kikubaaqudgha
Makhleb
Nemelex Xobeh
Okawaru
Qazlal
Ru
Sif Muna
Trog
Uskayaw
Vehumet
Wu Jian
Xom
Yredelemnul
Zin
The Shining One

Annotations:
D:3 2 transporters, bgiannan's ghost, amateur MiFi


Innate Abilities, Weirdness & Mutations

You are too large for most types of armour.
You have claws for hands.
Your natural rate of healing is unusually fast.
You are covered in fur. (AC +1)
You have tough skin. (AC +1)


Message History

Magic restored.
A komodo dragon comes into view.
You gain the combat prowess of a mighty hero.
You block the orc warrior's attack.
You barely miss the orc warrior. You block the orc warrior's attack.
You closely miss the orc warrior.
The orc warrior hits you with a +0 long sword!
You completely miss the orc warrior. You mangle the orc warrior!!
The orc warrior is severely wounded.
You block the orc warrior's attack.
You claw the orc warrior!
You kill the orc warrior!
Okawaru accepts your kill.
D - a wand of iceblast (9);
E - 3 scrolls labelled LIEKHLU GULL You now have 359 gold pieces (gained 30).
Things that are here:
a +0 long sword; a +0 plate armour; an orc corpse You feel like a meek peon again.
The komodo dragon bites you!!
You scratch the komodo dragon.
The komodo dragon is lightly wounded.
The komodo dragon bites you!!
You claw the komodo dragon!
The komodo dragon is heavily wounded.
You block the komodo dragon's attack.
You scratch the komodo dragon but do no damage.
The komodo dragon is heavily wounded.
You block the komodo dragon's attack.
You completely miss the komodo dragon.
The komodo dragon is heavily wounded.
The komodo dragon barely misses you.
You barely miss the komodo dragon.
The komodo dragon is heavily wounded.
The komodo dragon bites you!
* * * LOW HITPOINT WARNING * * *
You claw the komodo dragon!
The komodo dragon is severely wounded.
The komodo dragon bites you!!
You die...

#.
............###...##.
.. #..##.)##..#....###.
..##..##..##..#.....###
#.. #..##..#####...##.
..##..##..####.#.....
#..##..####..###....
#..##..# #..###....
..##..##..####.#.....
#.. #@[##..# ##...##.
..##.l##..### #..###.
#.. #.. #..### #...###
## ..## ##..# #...##.
#..##..##..######.....
#...........).# ##....
# ###'#######)# ##....
#.###..... #.##...##.


You could see a komodo dragon.

Vanquished Creatures
  A manticore (D:7)
  A troll (D:6)
  Grinder (D:4)
  A wyvern (D:7)
  2 orc warriors (D:7)
  A black bear (D:6)
  4 ice beasts
  A hornet zombie (D:7)
  A sky beast (D:7)
  2 phantoms (D:7)
  A kobold brigand (D:7)
  2 bullfrogs (D:7)
  Blork the orc (D:5)
  A scorpion (D:6)
  2 centaur zombies (D:7)
  2 hounds
  A bullfrog skeleton (D:6)
  5 orc priests
  A centaur skeleton (D:7)
  An iguana (D:6)
  10 orc wizards
  2 killer bee zombies
  3 gnolls (D:5)
  11 adders
  2 howler monkey skeletons
  3 white imps
  An adder skeleton (D:5)
  2 worms
  2 dart slugs
  25 orcs
  4 ball pythons
  5 bats
  3 endoplasms
  2 giant cockroaches (D:1)
  12 goblins
  12 hobgoblins
  3 jackals (D:3)
  8 quokkas
  A frilled lizard (D:2)
  9 kobolds
  2 rats (D:1)
154 creatures vanquished.

Notes
Turn   | Place    | Note
-------+----------+-------------------------------------------
     0 | D:1      | Avanven the Troll Fighter began the quest for the Orb.
     0 | D:1      | Reached XP level 1. HP: 22/22 MP: 0/0
   161 | D:1      | Reached XP level 2. HP: 29/29 MP: 1/1
   211 | D:1      | Reached skill level 3 in Unarmed Combat
   441 | D:1      | You fall into a shaft and drop 1 floor!
   469 | D:2      | Reached XP level 3. HP: 33/36 MP: 2/2
   533 | D:2      | Found a faded altar of an unknown god.
   690 | D:2      | Reached skill level 4 in Unarmed Combat
  1285 | D:3      | Reached XP level 4. HP: 35/44 MP: 3/3
  1327 | D:3      | Reached skill level 5 in Unarmed Combat
  1333 | D:3      | Reached XP level 5. HP: 28/50 MP: 4/4
  1405 | D:3      | Noticed a sky beast
  1407 | D:3      | Noticed bgiannan's ghost (amateur MiFi)
  1410 | D:3      | Found a transporter.
  1470 | D:3      | Found a shimmering blue altar of Sif Muna.
  1650 | D:3      | Found a transporter.
  1842 | D:3      | Reached skill level 6 in Unarmed Combat
  2056 | D:4      | Found a staircase to the Ecumenical Temple.
  2063 | D:4      | Noticed Grinder
  2071 | Temple   | Entered the Ecumenical Temple
  2155 | Temple   | Became a worshipper of Warmaster Okawaru
  2174 | D:4      | Paralysed by Grinder for 3 turns
  2182 | D:4      | Killed Grinder
  2182 | D:4      | Reached * piety under Okawaru
  2183 | D:4      | Reached skill level 1 in Armour
  2183 | D:4      | Reached XP level 6. HP: 7/59 MP: 5/5
  2267 | D:4      | Found an ancient bone altar of Kikubaaqudgha.
  2559 | D:4      | Reached skill level 7 in Unarmed Combat
  2643 | D:4      | Reached XP level 7. HP: 34/66 MP: 6/6
  2678 | D:5      | Entered Level 5 of the Dungeon
  2910 | D:5      | Reached skill level 8 in Unarmed Combat
  3046 | D:5      | Noticed Blork the orc
  3055 | D:5      | Killed Blork the orc
  3515 | D:5      | Reached XP level 8. HP: 37/74 MP: 7/7
  3936 | D:6      | Found a glowing golden altar of the Shining One.
  3938 | D:6      | Noticed an angel
  3951 | D:6      | Found a basalt altar of Yredelemnul.
  3953 | D:6      | Noticed a profane servitor
  4001 | D:6      | Reached ** piety under Okawaru
  4002 | D:6      | Reached skill level 9 in Unarmed Combat
  4187 | D:6      | Found a shadowy altar of Dithmenos.
  4412 | D:6      | Noticed a troll
  4490 | D:6      | Killed a troll
  4639 | D:6      | Found a blossoming altar of Fedhas.
  4853 | D:7      | Found a glowing silver altar of Zin.
  4853 | D:7      | Noticed an angel
  5036 | D:7      | Reached skill level 10 in Unarmed Combat
  5209 | D:7      | Reached XP level 9. HP: 61/80 MP: 8/8
  5275 | D:7      | Reached *** piety under Okawaru
  5281 | D:7      | Reached skill level 5 in Armour
  5341 | D:7      | Noticed a manticore
  5425 | D:7      | Identified a scroll of acquirement
  5426 | D:7      | Acquired a manual of Invocations
  5463 | D:7      | Reached skill level 11 in Unarmed Combat
  5488 | D:7      | Reached skill level 1 in Invocations
  5758 | D:7      | Killed a manticore
  5802 | D:7      | Noticed a komodo dragon
  5830 | D:7      | Mangled by a komodo dragon

Illustrated notes

Levels and vault maps discovered:
D:1:      saegor_arrival_simple_a, layout_basic, chequers_serial_rivers_marsh
D:2:      layout_basic, ebering_ecumenical_altar_hall
D:3:      layout_basic, mainiacjoe_overflow_brackets, gammafunk_ghost_arena,
          feat_on_display
D:4:      layout_basic, nicolae_kikubaaqudgha_miasma_corner,
          minmay_temple_entry_stoned_glass, uniq_grinder
D:5:      layout_basic, uniq_blork_the_orc
D:6:      layout_loops_corners, grunt_temple_overflow_holy_war,
          grunt_dithmenos_smoke, lemuel_coloured_pillars_altar,
          hangedman_abyss_or_decor_lesser_grid
D:7:      wad_guarded_room, layout_loops_corners, zin_angel, nrook_uturn
Temple:   cyrus_circular_temple

Skill      XL: |  1  2  3  4  5  6  7  8  9 |
---------------+----------------------------+-----
Unarmed Combat | 3 4 5 6 7 8 10 11 | 11.7
Armour         | 1 3 4 5 |  5.1
Invocations    | 3 |  3.7
Fighting       | |  2.4
Dodging        | |  2.4
Shields        | |  2.4

Action                   |  1- 3 |  4- 6 |  7- 9 || total
-------------------------+-------+-------+-------++-------
Melee: Unarmed           |    84 |   136 |   248 ||   468
Throw: Dart              |       |       |     2 ||     2
Invok: Heroism           |       |       |     5 ||     5
  Use: Scroll            |     5 |     3 |     2 ||    10
       Potion            |       |     1 |     2 ||     3
Armor: Robe              |    31 |    25 |    52 ||   108
Dodge: Dodged            |    22 |    30 |    67 ||   119
Block: Kite shield       |    19 |    32 |    71 ||   122

Table legend: (Time is in decaauts)
 A = Elapsed time spent in this place.
 B = Non-inter-level travel time spent in this place.
 C = Inter-level travel time spent in this place.
 D = Time resting spent in this place.
 E = Time spent auto-exploring this place.
 F = Levels seen in this place.
 G = Mean time per level.
                   A        B        C        D        E       F      G
               +--------+--------+--------+--------+--------+-----+--------+
         Total |   5865 |   5749 |    116 |    351 |   3981 |   8 |  733.1 |
       Dungeon |   5774 |   5658 |    116 |    349 |   3981 |   7 |  824.9 |
        Temple |     90 |     90 |      0 |      2 |      0 |   1 |   90.0 |
               +--------+--------+--------+--------+--------+-----+--------+

Top non-repeatable levels by time:
     D:6: 1172 daAuts
     D:7: 1100 daAuts
     D:5: 883 daAuts
     D:4: 691 daAuts
     D:1: 659 daAuts
     D:2: 646 daAuts
     D:3: 621 daAuts
  Temple: 90 daAuts
